Construct Section Command Post
Selects Air and Sea Battlegroup
Construct Platoon Command Post
Selects Commando Section Paradrop
Commando Section Paradrop
Selects Commando Support Section Paradrop
Commando Support Section Paradrop
Construct Field Infirmary
Commando Section Paradrop
Selects Centaur Medium Tank
6-pounder Anti-tank Gun Team
6-pounder Anti-tank Gun Team
Selects Naval Bombardment
Construct Company Command Post